Map: Cyber Forest LE

Players

DnS

  • Race: Protoss Protoss
  • Spawn Location: 11:00

Lambo - Winner!

  • Race: Zerg Zerg
  • Spawn Location: 5:00

Event: 2019 WCS Summer

VOD

Have the link to the VOD?

Description

Time

  • Played on: July 12, 2019, 2:49 p.m.
  • Length: 9:30

All games in this series

Show
View Real Time Build Order
Export as new Build Order

DnS Protoss 

Build Orders: 1 Gate Expand 

Get SALT Encoding   

  12  0:00  Probe  
  13  0:12  Probe  
  14  0:18  Pylon  
  14  0:24  Probe  
  15  0:32  Probe  
  15  0:40  Probe, Gateway  
  17  0:51  Assimilator  
  17  0:52  Probe  
  18  1:04  Probe  
  19  1:16  Probe  
  20  1:29  Cybernetics Core  
  20  1:36  Nexus  
  20  1:38  Probe  
  21  1:45  Pylon  
  21  1:50  Probe  
  21  1:53  Assimilator  
  22  1:55  Adept  
  22  2:02  Probe  
  25  2:15  Probe, Adept  
  25  2:17  Robotics Facility  
  26  2:28  Probe  
  26  2:29  Warp Gate  
  29  2:41  Probe  
  30  2:44  Probe  
  30  2:47  Stalker  
  33  2:52  Probe  
  33  2:53  Probe  
  33  2:56  Warp Prism  
  35  3:02  Probe  
  35  3:05  Probe  
  39  3:14  Probe  
  40  3:22  Probe  
  40  3:26  Sentry, Probe  
  42  3:27  Gateway  
  42  3:36  Immortal  
  43  3:46  Pylon  
  46  4:04  Probe x2  
  48  4:12  Immortal  
  53  4:20  Pylon  
  53  4:23  Pylon  
  52  4:24  Gateway  
  52  4:26  Gateway  
  52  4:28  Gateway  
  52  4:29  Gateway  
  52  4:31  Gateway  
  52  4:42  Sentry x2, Immortal  
  52  4:44  Pylon  
  56  4:52  Pylon  
  60  5:11  Pylon  
  60  5:12  Pylon  
  60  5:16  Sentry x2  
  60  5:21  Stalker, Zealot  
  66  5:25  Zealot x3  
  74  5:29  Pylon  
  66  5:46  Stalker x3  
  66  5:47  Zealot x2  
  66  5:49  Zealot  
  72  5:52  Zealot  
  72  6:07  Immortal  
  54  6:20  Probe x2  
  54  6:23  Assimilator  
  54  6:24  Assimilator  
  52  6:26  Sentry  
  52  6:28  Zealot x2  
  52  6:29  Probe x2  
  58  6:37  Probe x2  
  60  6:45  Sentry  
  64  6:47  Zealot x3, Immortal  
  74  7:04  Zealot x3  
  80  7:17  Pylon  
  80  7:23  Sentry x2, Zealot x2  
  88  7:33  Sentry  
  88  7:34  Sentry, Zealot  
  94  7:37  Nexus  
  94  8:07  Zealot x7  
  108  8:18  Pylon  
  108  8:25  Pylon  
  108  8:43  Stalker x6  
  108  8:46  Zealot  
  108  8:48  Observer  
  113  9:06  Zealot x5  
  108  9:16  Sentry, Zealot  
Show
View Real Time Build Order
Export as new Build Order

Lambo Zerg - Winner!

Build Orders: Hatch First 

Get SALT Encoding   

  12  0:00  Drone  
  13  0:13  Overlord  
  13  0:17  Drone  
  14  0:31  Drone x2  
  16  0:50  Hatchery  
  16  0:52  Drone  
  16  0:55  Drone  
  17  0:59  Drone  
  18  1:10  Extractor  
  17  1:12  Spawning Pool  
  17  1:18  Drone  
  17  1:20  Drone  
  18  1:29  Drone  
  19  1:42  Drone  
  20  1:53  Overlord  
  20  1:59  Queen  
  22  2:03  Zergling x2, Queen  
  22  2:04  Drone  
  26  2:11  Zergling x2  
  26  2:14  Metabolic Boost  
  27  2:16  Drone  
  28  2:23  Drone  
  28  2:24  Drone  
  30  2:37  Hatchery  
  30  2:40  Drone  
  30  2:47  Queen  
  30  2:49  Zergling x2  
  33  2:51  Zergling x2  
  33  2:56  Overlord  
  33  2:58  Drone  
  35  3:10  Zergling x2  
  35  3:11  Drone  
  36  3:16  Drone x4  
  36  3:20  Drone  
  36  3:22  Drone  
  37  3:29  Drone  
  38  3:35  Overlord  
  38  3:39  Drone  
  39  3:45  Drone  
  40  3:50  Drone x2  
  40  3:54  Drone x2  
  40  3:55  Drone x2  
  46  3:59  Drone  
  46  4:00  Overlord  
  46  4:01  Drone x2  
  49  4:05  Drone  
  49  4:07  Drone  
  49  4:12  Drone, Roach Warren  
  49  4:15  Drone  
  50  4:18  Drone  
  50  4:22  Extractor x2  
  48  4:24  Drone x3  
  48  4:25  Drone  
  48  4:26  Drone  
  53  4:35  Drone  
  53  4:36  Overlord  
  54  4:39  Zergling x8  
  58  4:48  Overlord  
  58  4:52  Roach x4  
  66  4:55  Overlord  
  66  4:56  Roach x4  
  74  5:04  Overlord  
  74  5:06  Overlord  
  74  5:09  Overlord  
  74  5:12  Zergling x2  
  74  5:13  Zergling x6  
  78  5:14  Zergling x2  
  78  5:19  Roach x3  
  85  5:24  Roach x4  
  85  5:27  Ravager x2  
  85  5:28  Ravager  
  95  5:31  Zergling x2, Roach  
  98  5:41  Zergling x10, Roach  
  95  5:46  Zergling x6  
  90  5:50  Zergling x10  
  90  5:53  Ravager  
  90  5:54  Roach  
  96  6:00  Roach x2  
  97  6:04  Roach  
  97  6:11  Zergling x4  
  91  6:15  Zergling x2, Roach x2  
  92  6:19  Zergling x2  
  92  6:21  Zergling x2  
  92  6:22  Zergling x8  
  96  6:30  Drone x2  
  98  6:34  Ravager x2  
  98  6:39  Zergling x8  
  104  6:42  Ravager  
  104  6:45  Roach x2  
  104  6:47  Drone x3  
  111  6:50  Extractor, Overlord  
  111  6:56  Overlord  
  111  6:59  Drone, Lair  
  112  7:08  Drone x3  
  112  7:09  Overlord, Roach  
  112  7:10  Roach  
  118  7:19  Drone x2  
  118  7:20  Drone  
  121  7:23  Roach x2  
  121  7:24  Zergling x6  
  121  7:28  Zergling x2  
  128  7:32  Roach x2  
  132  7:43  Overlord  
  132  7:44  Roach  
  132  7:45  Roach  
  132  7:46  Overlord  
  132  7:49  Overlord  
  132  7:51  Overlord  
  135  7:53  Roach, Overlord  
  135  7:54  Ravager  
  135  7:57  Overlord  
  135  8:02  Roach x4  
  135  8:03  Roach x2  
  135  8:04  Ravager  
  145  8:10  Zergling x6, Roach x2  
  149  8:15  Roach x4  
  157  8:20  Roach  
  157  8:21  Zergling x2, Roach  
  157  8:25  Roach  
  164  8:35  Evolution Chamber, Extractor  
  164  8:38  Zergling x14  
  169  8:43  Drone x3  
  169  8:45  Roach x2  
  176  8:49  Ravager  
  176  8:50  Zergling x2, Roach x2  
  176  8:52  Zergling x2  
  183  8:56  Roach  
  183  9:00  Roach  
  180  9:03  Roach x3  
  180  9:06  Zergling x2  
  180  9:07  Zergling x2  
Tags
 
Add a new tag
Caveats
  • Supply blocks, unpowered buildings, or Contaminate may cause inaccurate times.
  • Supply counts are checked every 10 seconds.